 Dungeon Crawl Stone Soup version 0.24-a0-67-ga78bd38 (webtiles) character file.

Game seed: 17031742554459301562

659 galech the Chopper (level 7, -8/55 HPs)
             Began as a Demonspawn Fighter on Feb 5, 2019.
             Killed by nerve-wracking pain
             ... invoked by Menkaure
              (13 damage)
             ... on level 5 of the Dungeon.
             The game lasted 00:03:03 (3397 turns).

galech the Chopper (Demonspawn Fighter)             Turns: 3397, Time: 00:03:03

Health: -8/55      AC:  8    Str: 14    XL:     7   Next: 30%
Magic:  7/7        EV: 10    Int: 13    God:
Gold:   244        SH:  8    Dex: 18    Spells: 6/6 levels left

rFire    + . .     SeeInvis .   a - +0 war axe
rCold    . . .     Gourm    .   v - +3 buckler "Tujelewn" {rF+ Str-2 Int+3 Dex+4}
rNeg     . . .     Faith    .   b - +0 scale mail
rPois    .         Spirit   .   (no helmet)
rElec    .         Reflect  .   (no cloak)
rCorr    .         Harm     .   (no gloves)
MR       .....                  (no boots)
Stlth    ..........             (no amulet)
HPRegen  0.18/turn              h - ring of wizardry
MPRegen  0.10/turn              (no ring)

@: no status effects
A: claws 1, rugged brown scales 1, spiny 1
a: no special abilities


You were on level 5 of the Dungeon.
You were not hungry.

You visited 1 branch of the dungeon, and saw 5 of its levels.

You collected 244 gold pieces.

Inventory:

Hand Weapons
 a - a +0 war axe (weapon)
Armour
 b - a +0 scale mail (worn)
 c - a +0 shield
 v - the +3 buckler "Tujelewn" (worn) {rF+ Str-2 Int+3 Dex+4}
   (You found it on level 5 of the Dungeon)

   It affects your strength (-2).
   It affects your intelligence (+3).
   It affects your dexterity (+4).
   It protects you from fire.
Jewellery
 h - a ring of wizardry (left claw)
Scrolls
 e - 3 scrolls of amnesia {unknown}
 g - a scroll of remove curse {unknown}
 i - 4 scrolls of identify {unknown}
 j - 2 scrolls of immolation {unknown}
 l - 2 scrolls of teleportation {unknown}
 o - 2 scrolls of magic mapping {unknown}
 q - a scroll of enchant weapon {unknown}
 r - a scroll of fear {unknown}
Potions
 d - 3 potions of might
 k - a potion of agility {unknown}
 m - a potion of haste {unknown}
 p - 2 potions of curing {unknown}
 s - a potion of mutation {unknown}
 t - a potion of degeneration {unknown}
 u - a potion of lignification {unknown}
Comestibles
 f - 11 rations
 n - 3 chunks of flesh


   Skills:
 + Level 4.1 Fighting
 + Level 5.0 Axes
 + Level 3.8 Armour
 + Level 1.9 Dodging
 + Level 0.3 Stealth
 + Level 4.1 Shields


You had 6 spell levels left.
You didn't know any spells.
Your spell library was empty.

Dungeon Overview and Level Annotations

Branches:
Dungeon (5/15)
 Temple: D:4-7

Altars:
Ashenzari
Fedhas
Sif Muna
Xom
Yredelemnul

Annotations:
D:3 exclusion: oklob plant
D:5 Menkaure


Innate Abilities, Weirdness & Mutations

You have sharp fingernails.
You are partially covered in rugged brown scales. (AC +1, +3% HP)
You are partially covered in sharp spines.


Message History

You are too injured to fight recklessly!
You are too injured to fight recklessly!
You are too injured to fight recklessly!
You are too injured to fight recklessly!
You are too injured to fight recklessly!
You are too injured to fight recklessly!
You are too injured to fight recklessly!
You are too injured to fight recklessly!
You are too injured to fight recklessly!
You are too injured to fight recklessly!
You hit Menkaure.
Menkaure is heavily damaged.
Menkaure calls on the powers of darkness!
Your body is wracked with pain!
* * * LOW HITPOINT WARNING * * *
You hit Menkaure but do no damage.
Menkaure is heavily damaged.
Menkaure casts a spell at you. Pain shoots through your body!
You die...

........#..#
#..#......#...#
.....####..#
#..#.#.......## ....##
#...# ##.._.........#
....# #...#
#.#.#........# ##..#
##..# #.............
#### #...
##...####...... ....###
#..### ##.....
.......###?.# ##....
#..M@...## ##...
#......## ##.>
#.......# #[.
#.........# ##.
#..........## ######.
#........#...####......
#........##.......(....
....#.....##.....###...
.............### #...


You could see Menkaure.

Vanquished Creatures
  A centaur (D:5)
  A scorpion (D:4)
  2 crimson imps (D:5)
  3 hounds
  3 orc wizards (D:4)
  An iguana (D:4)
  6 worker ants
  A howler monkey zombie (D:5)
  3 adders
  An adder skeleton (D:4)
  3 worms (D:2)
  A dart slug (D:5)
  2 leopard geckos
  6 orcs
  8 bats
  3 giant cockroaches
  4 goblins
  9 hobgoblins
  5 jackals
  6 kobolds
  2 quokkas
  3 ball pythons
  2 frilled lizards
  A giant cockroach zombie (D:5)
  7 rats
84 creatures vanquished.

Notes
Turn   | Place    | Note
-------+----------+-------------------------------------------
     0 | D:1      | galech the Demonspawn Fighter began the quest for the Orb.
     0 | D:1      | Reached XP level 1. HP: 18/18 MP: 1/1
   149 | D:1      | Gained mutation: You are partially covered in sharp spines.
                  | [demonic ancestry]
   149 | D:1      | Reached XP level 2. HP: 24/24 MP: 2/2
   374 | D:1      | Reached skill level 2 in Axes
   793 | D:2      | Gained mutation: You are partially covered in rugged brown
                  | scales. (AC +1, +3% HP) [demonic ancestry]
   793 | D:2      | Reached XP level 3. HP: 13/29 MP: 3/3
  1001 | D:2      | Found a faded altar of an unknown god.
  1034 | D:2      | Found a shattered altar of Ashenzari.
  1143 | D:2      | Found a basalt altar of Yredelemnul.
  1345 | D:3      | Found a blossoming altar of Fedhas.
  1358 | D:3      | Noticed an oklob plant
  1487 | D:3      | Reached XP level 4. HP: 36/36 MP: 4/4
  1511 | D:3      | Reached skill level 3 in Axes
  1511 | D:3      | Reached skill level 1 in Dodging
  2031 | D:4      | Reached XP level 5. HP: 26/43 MP: 5/5
  2377 | D:4      | Reached skill level 4 in Axes
  2378 | D:4      | Reached XP level 6. HP: 28/49 MP: 6/6
  2636 | D:4      | Found a shimmering altar of Xom.
  2931 | D:5      | Entered Level 5 of the Dungeon
  2956 | D:5      | Gained mutation: You have sharp fingernails. [demonic
                  | ancestry]
  2956 | D:5      | Reached XP level 7. HP: 19/55 MP: 7/7
  3279 | D:5      | Reached skill level 5 in Axes
  3303 | D:5      | Got a translucent buckler
  3314 | D:5      | Identified the +3 buckler "Tujelewn" {rF+ Str-2 Int+3
                  | Dex+4} (You found it on level 5 of the Dungeon)
  3319 | D:5      | Found a deep blue altar of Sif Muna.
  3390 | D:5      | Noticed Menkaure
  3397 | D:5      | Killed from afar by Menkaure

Vault maps used:
D:1:      dpeg_arrival_prison, minmay_misc_feat_secret_circle
D:2:      overflow_temple_1_default, lemuel_crystal_altar,
          chequers_ecumenical_altar_simple
D:3:      tgw_fedhas
D:4:      marbit_many_paths
D:5:      lemuel_coloured_pillars_altar, lemuel_crystal_altar, first_ration,
          minmay_statues_item, uniq_menkaure

Skill      XL: |  1  2  3  4  5  6  7 |
---------------+----------------------+-----
Shields        | 3 4 |  4.1
Axes           | 2 3 4 5 |  5.0
Armour         | 3 |  3.8
Dodging        | 1 |  1.9
Fighting       | 4 |  4.1
Stealth        | |  0.3

Action                   |  1- 3 |  4- 6 |  7- 9 || total
-------------------------+-------+-------+-------++-------
Melee: War axe           |   118 |    74 |    30 ||   222
  Eat: Chunk             |     2 |     5 |     1 ||     8
Armor: Scale mail        |    62 |    37 |    10 ||   109
Dodge: Dodged            |    32 |    20 |    10 ||    62
Block: Shield            |    65 |    43 |    20 ||   128
       Buckler           |       |       |     2 ||     2

Table legend:
 A = Non-vault XP
 B = Vault XP
 C = Vault XP percentage of total XP
 D = Non-vault monster count
 E = Vault monster count
 F = Vault count percentage of total count
                 A         B        C        D         E       F
            +---------+---------+-------+---------+---------+-------
      Total |     866 |      76 |   8.1 |      81 |       3 |   3.6
            +---------+---------+-------+---------+---------+-------
        D:1 |      32 |       4 |  11.1 |      24 |       2 |   7.7
        D:2 |      51 |       0 |   0.0 |      16 |       0 |   0.0
        D:3 |      64 |       0 |   0.0 |      12 |       0 |   0.0
        D:4 |     407 |      72 |  15.0 |      19 |       1 |   5.0
        D:5 |     312 |       0 |   0.0 |      10 |       0 |   0.0
            +---------+---------+-------+---------+---------+-------
